 Dungeon Crawl Stone Soup version 0.29.1-2-gbd0b4ee654 (webtiles) character file.

Game seed: 8610567554518434597

165 zeram the Caller (level 5, -3/45 HPs)
             Began as a Troll Summoner on Nov 23, 2022.
             Slain by a white imp (5 damage)
             ... summoned by Natasha
             ... on level 4 of the Dungeon.
             The game lasted 00:05:59 (2605 turns).

zeram the Caller (Troll Summoner)                   Turns: 2605, Time: 00:06:00

Health: -3/45      AC:  5    Str: 16    XL:     5   Next: 21%
Magic:  6/6        EV: 10    Int: 13    God:
Gold:   203        SH:  0    Dex: 10    Spells: 3/6 levels left

rFire   . . .      SeeInvis .   c - +0 whip
rCold   . . .      Faith    .   (no shield)
rNeg    . . .      Spirit   .   a - +0 robe
rPois   .          Reflect  .   (helmet restricted)
rElec   .          Harm     .   d - +0 cloak
rCorr   .          Rampage  .   (gloves unavailable)
Will    .....                   (boots unavailable)
Stlth   +.........              (no amulet)
HPRegen 0.95/turn               (no ring)
MPRegen 0.10/turn               (no ring)

@: lethally poisoned (-3 -> -4), slowed, invisible, very slow
A: large, unfitting armour, claws 3, regeneration 1, shaggy fur 1, tough skin 1
a: no special abilities


You were on level 4 of the Dungeon.
You visited 1 branch of the dungeon, and saw 4 of its levels.

You collected 242 gold pieces.
You spent 39 gold pieces at shops.

Inventory:

Hand Weapons
 c - a +0 whip (weapon)
 e - a +0 club
Armour
 a - a +0 robe (worn)
 d - a +0 cloak (worn)
Jewellery
 o - an amulet of regeneration
Wands
 m - a wand of flame (19)
Scrolls
 h - a scroll of magic mapping
Potions
 b - a potion of magic
 f - a potion of degeneration {unknown}
 g - a potion of attraction {unknown}
 l - 2 potions of might
 n - a potion of flight {unknown}
 q - a potion of ambrosia
 r - 2 potions of cancellation


   Skills:
 + Level 2.5 Maces & Flails
 + Level 3.1 Dodging
 - Level 1.0 Stealth
 + Level 1.4 Spellcasting
 * Level 3.4 Summonings


You had 3 spell levels left.
You knew the following spells:

 Your Spells              Type           Power      Damage    Failure   Level
a - Summon Small Mammal   Summ           36%        N/A       7%          1
b - Call Imp              Summ           9%         N/A       10%         2

Your spell library contained the following spells:

 Spells                   Type           Power      Damage    Failure   Level
 Call Canine Familiar     Summ           9%         N/A       21%         3
 Summon Guardian Golem    Hex/Summ       5%         N/A       38%         3
 Summon Lightning Spire   Summ/Air       5%         N/A       80%         4


Dungeon Overview and Level Annotations

Branches:
Dungeon (4/15)
 Temple: D:4-7

Altars:

Shops:
D:2 =   D:3 *[

Annotations:
D:4 Natasha


Innate Abilities, Weirdness & Mutations

You are too large for most types of armour.
You have claws for hands.
Your natural rate of healing is unusually fast.
You are covered in fur. (AC +1)
You have tough skin. (AC +1)


Message History

* * * LOW HITPOINT WARNING * * *
The shadow imp gestures at you. Pain shoots through your body!
* * * LOW HITPOINT WARNING * * *
The shadow imp closely misses you.
You hit the scorpion but do no damage.
The scorpion is severely wounded.
You feel less invigorated.
You feel less confused.
You feel sick. The scorpion closely misses you.
Natasha mumbles some strange words.
Natasha's front paws start to glow.
Natasha mumbles some strange words.
The shadow imp barely misses you. The scorpion barely misses you.
Natasha stares at you and mumbles some strange words.
The magic dart hits you.
* * * LOW HITPOINT WARNING * * *
The shadow imp barely misses you.
You barely miss the scorpion.
You claw the scorpion, but do no damage.
The scorpion is severely wounded.
You feel sick. The shadow imp barely misses you. The scorpion misses you.
Natasha closely misses you. The shadow imp barely misses you.
The scorpion barely misses you. The shadow imp hits you.
* * * LOW HITPOINT WARNING * * *
You hit the scorpion.
The scorpion is almost dead.
You feel sick.
The shadow imp disappears in a puff of smoke!
Natasha claws you.
* * * LOW HITPOINT WARNING * * *
The scorpion closely misses you. The shadow imp misses you.
Natasha closely misses you.
You hit the scorpion.
You kill the scorpion!
You feel sick. The shadow imp barely misses you. Natasha closely misses you.
The white imp hits you.
* * * LOW HITPOINT WARNING * * *
The white imp freezes you.
You die...

#.....# ..
#.##..# ..
#. #.#.###..
.
#.##$##.....
#......#$#
#....>.#.#
#........#
##..§h.###
#.5@5.#
###.### #.#
#.# ... ...
.(. #####


You could see Natasha, a white imp (summoned, unable to see you) and a shadow
imp (summoned, unable to see you).

Vanquished Creatures
  A scorpion (D:4)
  Natasha (twice) (D:4)
  4 adders
  3 dart slugs
  5 orcs
  3 ball pythons
  5 endoplasms
  6 giant cockroaches
  5 goblins
  5 hobgoblins
  3 jackals (D:2)
  3 quokkas
  4 bats
  3 frilled lizards
  7 kobolds
  6 rats
65 creatures vanquished.

Vanquished Creatures (collateral kills)
  An endoplasm (D:1)
1 creature vanquished.

Grand Total: 66 creatures vanquished

Notes
Turn   | Place    | Note
-------+----------+-------------------------------------------
     0 | D:1      | zeram the Troll Summoner began the quest for the Orb.
     0 | D:1      | Reached XP level 1. HP: 16/16 MP: 1/1
   219 | D:1      | Reached XP level 2. HP: 24/24 MP: 0/2
   434 | D:1      | Found a faded altar of an unknown god.
   466 | D:1      | Reached XP level 3. HP: 28/31 MP: 2/4
   475 | D:1      | Learned a level 2 spell: Call Imp
   731 | D:2      | Reached skill level 1 in Maces & Flails
   809 | D:2      | Found Loebosmo's Jewellery Shoppe.
  1418 | D:2      | Reached XP level 4. HP: 39/39 MP: 5/5
  2033 | D:3      | Found Warulac's Assorted Antiques.
  2039 | D:3      | Bought a glowing golden potion for 18 gold pieces
  2039 | D:3      | Bought a scroll labelled JEPEOS TAEL for 21 gold pieces
  2057 | D:3      | Found Gateng's Antique Armour Boutique.
  2364 | D:4      | Noticed Natasha
  2381 | D:4      | Killed Natasha
  2446 | D:4      | Reached XP level 5. HP: 43/45 MP: 6/6
  2450 | D:4      | Noticed Natasha
  2467 | D:4      | Killed Natasha
  2589 | D:4      | Noticed Natasha
  2605 | D:4      | HP: 2/45 [white imp[Natasha] (4)]
  2605 | D:4      | Slain by a white imp

Illustrated notes

Levels and vault maps discovered:
D:1:      onia_arrival_mini_spirals, layout_basic,
          shapermc_ecumenical_altar_mp_highgroup, minmay_pentomino_s4
D:2:      layout_basic, serial_shops, shop, bh_walls_and_bars
D:3:      layout_basic, serial_shops, shop, nicolae_shop_overgrown_old_shop
D:4:      layout_loops_ring, uniq_natasha

Skill      XL: |  1  2  3  4 |
---------------+-------------+-----
Summonings     | 3 |  3.4
Dodging        | 2 3 |  3.1
Maces & Flails | 1 2 |  2.5
Stealth        | |  1.0
Spellcasting   | |  1.4

Action                   |  1- 3 |  4- 6 || total
-------------------------+-------+-------++-------
Melee: Club              |   160 |       ||   160
       Unarmed           |    15 |       ||    15
       Punch             |     2 |     1 ||     3
       Whip              |    60 |   210 ||   270
 Cast: Summon Small Mamm |     3 |       ||     3
  Use: Scroll            |     1 |    14 ||    15
       Potion            |       |     5 ||     5
 Stab: Sleeping          |     4 |     1 ||     5
Armor: Robe              |   118 |    75 ||   193
Dodge: Dodged            |   177 |   156 ||   333
